 Dungeon Crawl Stone Soup version 0.19-a0-1013-g40768a3 (console) character file.

68 brucemayne the Chopper (level 4, -2/51 HPs)
             Began as a Vampire Berserker on July 24, 2016.
             Was a Believer of Trog.
             Slain by a quokka skeleton (3 damage)
             ... on level 3 of the Dungeon.
             The game lasted 00:02:17 (517 turns).

brucemayne the Chopper (Vampire Berserker)           Turns: 517, Time: 00:02:18

Health: -2/51      AC:  2    Str: 22    XL:     4   Next: 1%
Magic:  4/4        EV: 12    Int:  9    God:    Trog [**....]
Gold:   54         SH:  0    Dex: 13    Spells: 0 memorised, 3 levels left

rFire  . . .     SeeInvis +     a - +0 hand axe
rCold  . . .     Gourm    .     b - +0 animal skin
rNeg   + . .     Faith    .     (no shield)
rPois  .         Spirit   .     (no helmet)
rElec  .         Dismiss  .     (no cloak)
rCorr  .         Reflect  .     (no gloves)
SustAt .         Harm     .     (no boots)
MR     .....                    (no amulet)
Stlth  ..........               (no ring)
                                (no ring)

@: berserking (expiring), very quick, not resistant to hostile enchantments,
extremely unstealthy
A: fangs 3, see invisible, unbreathing
a: Bat Form, Berserk, Trog's Hand, Burn Spellbooks, Renounce Religion


You were on level 3 of the Dungeon.
You worshipped Trog.
Trog was pleased with you.
You were not thirsty.

You visited 1 branch of the dungeon, and saw 3 of its levels.

You collected 54 gold pieces.

Inventory:

Hand Weapons
 a - a +0 hand axe (weapon)
 i - a +0 hunting sling of freezing
Missiles
 j - 14 stones (quivered)
Armour
 b - a +0 animal skin (worn)
Scrolls
 d - a scroll of magic mapping {unknown}
 e - a scroll of identify {unknown}
 g - a scroll of enchant weapon {unknown}
 h - a scroll of remove curse {unknown}
Potions
 c - 6 potions of blood
 f - a potion of resistance {unknown}
 k - a potion of mutation {unknown}


   Skills:
 - Level 2.6 Fighting
 + Level 4.4 Axes
 - Level 1.5 Armour
 - Level 2.1 Dodging


You had 3 spell levels left.
You didn't know any spells.

Dungeon Overview and Level Annotations

Branches:
Dungeon (3/15)

Altars:
Xom

Annotations:
D:2 Natasha


Innate Abilities, Weirdness & Mutations

You have razor-sharp teeth.
You have supernaturally acute eyesight. (SInv)
You can survive without breathing.


Message History

Yummy - fresh blood!
The jackal closely misses you.
The jackal bites you but does no damage.
A red film seems to cover your vision as you go berserk!
You feel yourself moving faster!
You feel mighty!
You feel somewhat more thirsty.
The jackal bites you but does no damage.
You slash the jackal!
You kill the jackal!
Trog accepts your kill.
You slash the jackal!
You kill the jackal!
Trog accepts your kill.
You have reached level 4!
Things that are here:
a jackal corpse x2
You feel a strong urge to attack something.
The quokka skeleton bites you.
* * * LOW HITPOINT WARNING * * *
You hit the quokka skeleton. The quokka skeleton bites you.
You die...

####.# #..... ### #.##.#
# ..# #####?##.##.##.
#.# #..............# #.#
#.##.##.##.# #.#.
#.##.###†#.?.#.##.###.#.
#......@..............#.
##.###Z###...#........#.
##...?...........#.
#.$.............#.
#....%..........#.
#..................
#.#######.......... #.
#..>...##.. .
#..###)####


You could see a quokka skeleton.

Vanquished Creatures
  4 adders
  2 dart slugs
  A giant cockroach (D:3)
  2 goblins (D:3)
  6 hobgoblins
  6 jackals (D:3)
  A quokka (D:3)
  A ball python (D:3)
  2 kobolds
  2 rats (D:3)
27 creatures vanquished.

Notes
Turn   | Place    | Note
-------+----------+-------------------------------------------
     0 | D:1      | brucemayne the Vampire Berserker began the quest for the Orb.
     0 | D:1      | Reached XP level 1. HP: 17/17 MP: 1/1
    48 | D:1      | Reached skill level 3 in Axes
    83 | D:2      | Reached XP level 2. HP: 12/23 MP: 2/2
   154 | D:2      | Found a shimmering altar of Xom.
   352 | D:3      | Reached XP level 3. HP: 28/28 MP: 3/3
   364 | D:3      | Reached skill level 4 in Axes
   430 | D:3      | Reached ** piety under Trog
   473 | D:2      | Noticed Natasha
   514 | D:3      | Reached XP level 4. HP: 4/34 MP: 4/4
   516 | D:3      | HP: 1/51 [quokka skeleton (3)]
   517 | D:3      | Slain by a quokka skeleton

Vault maps used:
D:1:      mainiacjoe_arrival_reflecting_pool
D:2:      lemuel_crystal_altar, first_bread, uniq_sigmund, uniq_natasha

Skill      XL: |  1  2  3 |
---------------+----------+-----
Axes           | 3 4 |  4.4
Fighting       | |  2.6
Armour         | |  1.5
Dodging        | |  2.1

Action                   |  1- 3 |  4- 6 || total
-------------------------+-------+-------++-------
Melee: Hand axe          |    80 |     1 ||    81
       Bite              |     5 |       ||     5
Invok: Berserk           |     5 |       ||     5
       Trog's Hand       |     1 |       ||     1
  Use: Potion            |     6 |       ||     6
Armor: Animal skin       |    15 |       ||    15
Dodge: Dodged            |    57 |       ||    57
